 Dungeon Crawl Stone Soup version 0.22.0 (webtiles) character file.

298 Johnny the Digger (level 6, -3/44 HPs)
             Began as a Human Earth Elementalist on Aug 11, 2018.
             Slain by adept's ghost (8 damage)
             ... on level 3 of the Dungeon.
             The game lasted 00:03:45 (2485 turns).

Johnny the Digger (Human Earth Elementalist)        Turns: 2485, Time: 00:03:45

Health: -3/44      AC:  3    Str:  8    XL:     6   Next: 63%
Magic:  7/11       EV: 13    Int: 18    God:
Gold:   127        SH:  0    Dex: 13    Spells: 11/12 levels left

rFire    . . .     SeeInvis .   f - +1 dagger (elec)
rCold    . . .     Gourm    .   (no shield)
rNeg     . . .     Faith    .   l - +0 robe (curse)
rPois    .         Spirit   .   e - +0 helmet
rElec    .         Reflect  .   (no cloak)
rCorr    .         Harm     .   (no gloves)
MR       .....                  (no boots)
Stlth    ++........             (no amulet)
HPRegen  0.14/turn              (no ring)
MPRegen  0.12/turn              (no ring)

@: lethally poisoned (-3 -> -6)
A: no striking features
a: no special abilities


You were on level 3 of the Dungeon.
You were not hungry.

You visited 1 branch of the dungeon, and saw 3 of its levels.

You collected 127 gold pieces.

Inventory:

Hand Weapons
 f - a +1 dagger of electrocution (weapon)
Missiles
 b - 122 stones (quivered)
Armour
 e - a +0 helmet (worn)
 l - a cursed +0 robe (worn)
Wands
 n - a wand of polymorph (1)
Scrolls
 a - 4 scrolls of identify {unknown}
 c - a scroll of enchant armour {unknown}
 h - 4 scrolls of remove curse {unknown}
 m - a scroll of amnesia {unknown}
 o - a scroll of random uselessness {unknown}
Potions
 g - a potion of agility {unknown}
 i - a potion of magic {unknown}
 j - 2 potions of brilliance
 k - a potion of haste {unknown}
Comestibles
 d - 5 rations
 p - a chunk of flesh


   Skills:
 + Level 1.8 Fighting
 + Level 2.1 Armour
 + Level 2.9 Dodging
 - Level 2.0 Stealth
 * Level 3.6 Spellcasting
   Level 1.0 Transmutations
 * Level 4.4 Earth Magic
 + Level 0.1 Evocations


You had 11 spell levels left.
You knew the following spells:

 Your Spells              Type           Power        Failure   Level  Hunger
a - Sandblast             Erth           ###...       2%          1    None

Your spell library contained the following spells:

 Spells                   Type           Power        Failure   Level  Hunger
 Stone Arrow              Conj/Erth      ##....       19%         3    ###....
 Passwall                 Tmut/Erth      ##......     8%          2    ##.....
 Lee's Rapid Deconstruct  Erth           ###.......   56%         5    ######.
 Petrify                  Tmut/Erth      ##......     45%         4    ####...


Dungeon Overview and Level Annotations

Branches:
Dungeon (3/15)

Altars:
Dithmenos
Vehumet

Annotations:
D:3 adept's ghost, amateur GrFi


Message History

b - 124 stones
Casting: Sandblast (safe; 2% risk of failure)
Confirm with . or Enter, or press ? or * to list all spells.
Aiming: Sandblast (safe; 2% risk of failure)
Press: ? - help, Shift-Dir - straight line, f - adept's ghost
Aim: adept's ghost The blast of sand hits adept's ghost.
b - 123 stones You feel sick.
Adept's ghost hits you!
* * * LOW HITPOINT WARNING * * *
Casting: Sandblast (safe; 2% risk of failure)
Confirm with . or Enter, or press ? or * to list all spells.
Aiming: Sandblast (safe; 2% risk of failure)
Press: ? - help, Shift-Dir - straight line, f/p - adept's ghost
Aim: adept's ghost The blast of sand hits adept's ghost.
Adept's ghost is lightly damaged.
b - 122 stones Adept's ghost hits you!
You die...

.##.###.# ##...## #.# #####
.##.# #.###.....## #.####...#
.##.###.##.......## #......#.#
........#.........####...#...#
..................'........#.#
.#...###.########.####...#...#
.##.## #.#≈)≈≈≈≈'.# ##..#####
.##.## #.########W# ##.#
.##..# #.# #...#@.# #.# .###.#
#.# ##'##### #.#
.###.###.####.# #.#
..............##########.#
###...#.####..##.........#
###...#.# ##...#.######..#
#...)...###......######..#
#........###...#.##......#
#......)............###.##


You could see adept's ghost.

Vanquished Creatures
  Sigmund (D:2)
  Ijyb (D:3)
  Robin (D:2)
  5 adders
  A shadow imp (D:2)
  2 worms (D:2)
  A dart slug (D:2)
  An orc (D:3)
  2 giant cockroaches
  16 goblins
  7 hobgoblins
  A quokka (D:3)
  A ball python (D:1)
  4 bats
  3 frilled lizards
  5 kobolds
  2 rats (D:1)
54 creatures vanquished.

Notes
Turn   | Place    | Note
-------+----------+-------------------------------------------
     0 | D:1      | Johnny the Human Earth Elementalist began the quest for the Orb.
     0 | D:1      | Reached XP level 1. HP: 13/13 MP: 3/3
    91 | D:1      | Reached XP level 2. HP: 19/20 MP: 0/5
   678 | D:2      | Reached XP level 3. HP: 22/25 MP: 6/6
   748 | D:2      | Noticed Robin
   756 | D:2      | Killed Robin
  1096 | D:2      | Reached skill level 1 in Armour
  1096 | D:2      | Reached XP level 4. HP: 21/31 MP: 7/7
  1121 | D:2      | Noticed Sigmund
  1148 | D:2      | Killed Sigmund
  1148 | D:2      | Reached skill level 1 in Fighting
  1148 | D:2      | Reached skill level 4 in Earth Magic
  1148 | D:2      | Reached XP level 5. HP: 29/37 MP: 6/9
  1148 | D:2      | Reached XP level 6. HP: 34/43 MP: 6/10
  1298 | D:2      | Found a shadowy altar of Dithmenos.
  1944 | D:3      | Found a radiant altar of Vehumet.
  2025 | D:3      | Noticed Ijyb
  2061 | D:3      | Killed Ijyb
  2102 | D:3      | Found a runed door.
  2363 | D:3      | Noticed adept's ghost (amateur GrFi)
  2485 | D:3      | Slain by adept's ghost

Skill      XL: |  1  2  3  4  5  6 |
---------------+-------------------+-----
Armour         | 1 2 |  2.1
Fighting       | 1 |  1.8
Spellcasting   | 3 |  3.6
Earth Magic    | 4 |  4.4
Dodging        | |  2.9
Stealth        | |  2.0
Transmutations | |  1.0
Evocations     | |  0.1

Action                   |  1- 3 |  4- 6 || total
-------------------------+-------+-------++-------
Melee: Unarmed           |    14 |    14 ||    28
       Dagger            |    39 |    63 ||   102
 Cast: Sandblast         |    23 |    19 ||    42
  Use: Potion            |       |     3 ||     3
 Stab: Sleeping          |     2 |     5 ||     7
  Eat: Chunk             |       |     5 ||     5
Armor: Robe              |     4 |     6 ||    10
       Skin              |       |     2 ||     2
Dodge: Dodged            |    36 |    54 ||    90
